Workbook

Sheet Materiales Complem Privel
A1: Cod. SAP | C1: ARTÍCULOS PRIVEL | D1: Precios unitarios máximos iva excluido | F1: PRECIO UNITARIO OFERTADO PARA EXPOSITOR (a) | G1: PRECIO UNITARIO OFERTADO PARA IFEMA (se aplica un 20 % de descuento del precio para ofertado para expositor) (b) | H1: ESTIMACIÓN UNIDADES EXPOSITOR ( c ) | I1: ESTIMACIÓN UNIDADES IFEMA ( d ) | J1: ESTIMACIÓN UNIDADES DISEÑO FERIAL ( d ) | K1: IMPORTE EXPOSITOR (a) x (c) | L1: IMPORTE IFEMA (b) x ( d ) | M1: Intergift | O1: Vida Silver | Q1: Pisci-Mad | S1: FRUIT (PARA CADA LOTE) | U1: Salon Look | W1: Matelec Industry | Y1: Veteco | AA1: Simo | AC1: Total | AX1: IMPORTE DISEÑO FERIAL (b) x ( d )
A2: Expositor | B2: SS.FF. | C2: MATERIALES GENERICOS | M2: Expo | N2: Ifema | O2: Expo | P2: Ifema | Q2: Expo | R2: Ifema | S2: Expo | T2: Ifema | U2: Expo | V2: Ifema | W2: Expo | X2: Ifema | Y2: Expo | Z2: Ifema | AA2: Expo | AB2: Ifema | AC2: Expo | AD2: Ifema
A3: 6RY01037 | B3: 6RI09005 | C3: ARMARIO BAJO 100 x 50 x 60 (MADERA) | D3: 85.3 | E3: €/Ud. | G3: =ROUND(F3-(F3*0.2),2) -> 0 | H3: 0 | I3: 0 | J3: 0 | K3: =H3*D3 -> 0 | L3: =G3*I3 -> 0 | AC3: =SUM(M3,O3,Q3,S3,U3,W3,Y3,AA3) -> 0 | AD3: =SUM(N3,P3,R3,T3,V3,X3,Z3,AB3) -> 0 | AX3: =G3*J3 -> 0
A4: 6RY01072 | B4: 6RI02125 | C4: BANDEROLA (40 x 50 cm.) | D4: 5.91 | E4: €/Ud. | G4: =ROUND(F4-(F4*0.2),2) -> 0 | H4: 0 | I4: 0 | J4: 0 | K4: =H4*D4 -> 0 | L4: =G4*I4 -> 0 | AC4: =SUM(M4,O4,Q4,S4,U4,W4,Y4,AA4) -> 0 | AD4: =SUM(N4,P4,R4,T4,V4,X4,Z4,AB4) -> 0 | AX4: =G4*J4 -> 0
A5: 6RY01034 | B5: 6RI02003 | C5: BASE DE ENCHUFE CUÁDRUPLE HASTA 3.500 W CABLE HASTA 10 M (CUADRO NO INCLUIDO) | D5: 9.71 | E5: €/Ud. | G5: =ROUND(F5-(F5*0.2),2) -> 0 | H5: 4 | I5: 0 | J5: 0 | K5: =H5*D5 -> 38.84 | L5: =G5*I5 -> 0 | S5: 8 | U5: 2 | W5: 2 | Y5: 4 | AA5: 1 | AC5: =SUM(M5,O5,Q5,S5,U5,W5,Y5,AA5) -> 17 | AD5: =SUM(N5,P5,R5,T5,V5,X5,Z5,AB5) -> 0 | AX5: =G5*J5 -> 0
A6: 6RY01032 | B6: 6RI02001 | C6: BASE DE ENCHUFE DOBLE HASTA 3.500 W CABLE HASTA 10 M (CUADRO NO INCLUIDO) | D6: 6.47 | E6: €/Ud. | G6: =ROUND(F6-(F6*0.2),2) -> 0 | H6: 2 | I6: 0 | J6: 0 | K6: =H6*D6 -> 12.94 | L6: =G6*I6 -> 0 | M6: 59 | Q6: 7 | S6: 19 | U6: 89 | W6: 1 | Y6: 2 | AA6: 28 | AC6: =SUM(M6,O6,Q6,S6,U6,W6,Y6,AA6) -> 205 | AD6: =SUM(N6,P6,R6,T6,V6,X6,Z6,AB6) -> 0 | AX6: =G6*J6 -> 0
A7: 6RY01033 | B7: 6RI02002 | C7: BASE DE ENCHUFE TRIPLE HASTA 3.500 W CABLE HASTA 10 M (CUADRO NO INCLUIDO) | D7: 8.1 | E7: €/Ud. | G7: =ROUND(F7-(F7*0.2),2) -> 0 | H7: 2 | I7: 0 | J7: 0 | K7: =H7*D7 -> 16.2 | L7: =G7*I7 -> 0 | O7: 10 | S7: 7 | U7: 1 | W7: 2 | Y7: 2 | AA7: 2 | AC7: =SUM(M7,O7,Q7,S7,U7,W7,Y7,AA7) -> 24 | AD7: =SUM(N7,P7,R7,T7,V7,X7,Z7,AB7) -> 0 | AX7: =G7*J7 -> 0
A8: 6RY01075 | B8: 6RI02120 | C8: BASTIDOR DE ALUMINIO | D8: 28.93 | E8: €/Ml. | G8: =ROUND(F8-(F8*0.2),2) -> 0 | H8: 0 | I8: 0 | J8: 0 | K8: =H8*D8 -> 0 | L8: =G8*I8 -> 0 | AC8: =SUM(M8,O8,Q8,S8,U8,W8,Y8,AA8) -> 0 | AD8: =SUM(N8,P8,R8,T8,V8,X8,Z8,AB8) -> 0 | AX8: =G8*J8 -> 0
A9: 6RY01038 | B9: 6RI02067 | C9: CAMBIO COLOR PINTURA | D9: 5.17 | E9: €/m2 | G9: =ROUND(F9-(F9*0.2),2) -> 0 | H9: 20 | I9: 0 | J9: 0 | K9: =H9*D9 -> 103.4 | L9: =G9*I9 -> 0 | M9: 121 | Q9: 2 | S9: 91 | U9: 211 | V9: 12 | AA9: 114 | AC9: =SUM(M9,O9,Q9,S9,U9,W9,Y9,AA9) -> 539 | AD9: =SUM(N9,P9,R9,T9,V9,X9,Z9,AB9) -> 12 | AX9: =G9*J9 -> 0
A10: 6RY01035 | B10: 6RI02020 | C10: CORTINA | D10: 29.26 | E10: €/Ml. | G10: =ROUND(F10-(F10*0.2),2) -> 0 | H10: 0 | I10: 20 | J10: 0 | K10: =H10*D10 -> 0 | L10: =G10*I10 -> 0 | N10: 27 | T10: 62 | U10: 5 | V10: 22 | W10: 1 | X10: 11 | Z10: 2 | AC10: =SUM(M10,O10,Q10,S10,U10,W10,Y10,AA10) -> 6 | AD10: =SUM(N10,P10,R10,T10,V10,X10,Z10,AB10) -> 124 | AX10: =G10*J10 -> 0
A11: 6RY01018 | B11: 6RI02052 | C11: ENCHUFE MONOFÁSICO HASTA 3.500 W CABLE HASTA 10 M (CUADRO NO INCLUIDO) | D11: 11.64 | E11: €/Ud. | G11: =ROUND(F11-(F11*0.2),2) -> 0 | H11: 2 | I11: 0 | J11: 0 | K11: =H11*D11 -> 23.28 | L11: =G11*I11 -> 0 | M11: 83 | S11: 32 | AA11: 5 | AC11: =SUM(M11,O11,Q11,S11,U11,W11,Y11,AA11) -> 120 | AD11: =SUM(N11,P11,R11,T11,V11,X11,Z11,AB11) -> 0 | AX11: =G11*J11 -> 0
A12: 6RY01076 | B12: 6RI02168 | C12: ENCHUFE TRIFASICO HASTA 18.000 W. DE 10 M DE LONGITUD CON CETAC DE 32 AMPERIOS MACHO Y HEMBRA EN LOS EXTREMOS (CUADRO NO INCLUIDO) | D12: 26.22 | E12: €/Ud. | G12: =ROUND(F12-(F12*0.2),2) -> 0 | H12: 2 | I12: 0 | J12: 0 | K12: =H12*D12 -> 52.44 | L12: =G12*I12 -> 0 | S12: 6 | AC12: =SUM(M12,O12,Q12,S12,U12,W12,Y12,AA12) -> 6 | AD12: =SUM(N12,P12,R12,T12,V12,X12,Z12,AB12) -> 0 | AX12: =G12*J12 -> 0
A13: 6RY01077 | B13: 6RI02169 | C13: ENCHUFE TRIFASICO HASTA 37.000 W. DE 10 M DE LONGITUD CON CETAC DE 63 AMPERIOS MACHO Y HEMBRA EN LOS EXTREMOS (CUADRO NO INCLUIDO) | D13: 39.32 | E13: €/Ud. | G13: =ROUND(F13-(F13*0.2),2) -> 0 | H13: 2 | I13: 0 | J13: 0 | K13: =H13*D13 -> 78.64 | L13: =G13*I13 -> 0 | Y13: 1 | AC13: =SUM(M13,O13,Q13,S13,U13,W13,Y13,AA13) -> 1 | AD13: =SUM(N13,P13,R13,T13,V13,X13,Z13,AB13) -> 0 | AX13: =G13*J13 -> 0
A14: 6RY01078 | B14: 6RI02170 | C14: ENCHUFE TRIFASICO HASTA 9.000 W. DE 10 M DE LONGITUD CON CETAC DE 16 AMPERIOS MACHO Y HEMBRA EN LOS EXTREMOS (CUADRO NO INCLUIDO) | D14: 17.47 | E14: €/Ud. | G14: =ROUND(F14-(F14*0.2),2) -> 0 | H14: 2 | I14: 0 | J14: 0 | K14: =H14*D14 -> 34.94 | L14: =G14*I14 -> 0 | Y14: 1 | AC14: =SUM(M14,O14,Q14,S14,U14,W14,Y14,AA14) -> 1 | AD14: =SUM(N14,P14,R14,T14,V14,X14,Z14,AB14) -> 0 | AX14: =G14*J14 -> 0
A15: 6RY01039 | B15: 6RI02060 | C15: ENTRAMADO DE TECHO | D15: 15.4 | E15: €/Ml. | G15: =ROUND(F15-(F15*0.2),2) -> 0 | H15: 0 | I15: 0 | J15: 0 | K15: =H15*D15 -> 0 | L15: =G15*I15 -> 0 | M15: 73 | W15: 4 | Y15: 4 | AC15: =SUM(M15,O15,Q15,S15,U15,W15,Y15,AA15) -> 81 | AD15: =SUM(N15,P15,R15,T15,V15,X15,Z15,AB15) -> 0 | AX15: =G15*J15 -> 0
A16: 6RY01036 | B16: 6RI02021 | C16: ESPEJO EN PARED | D16: 101.43 | E16: €/Ud. | G16: =ROUND(F16-(F16*0.2),2) -> 0 | H16: 0 | I16: 0 | J16: 0 | K16: =H16*D16 -> 0 | L16: =G16*I16 -> 0 | AC16: =SUM(M16,O16,Q16,S16,U16,W16,Y16,AA16) -> 0 | AD16: =SUM(N16,P16,R16,T16,V16,X16,Z16,AB16) -> 0 | AX16: =G16*J16 -> 0
A17: 6RY01012 | B17: 6RI02012 | C17: ESTANTE EN PARED 100 X 30 HORIZONTAL | D17: 20.21 | E17: €/Ud. | G17: =ROUND(F17-(F17*0.2),2) -> 0 | H17: 20 | I17: 0 | J17: 0 | K17: =H17*D17 -> 404.2 | L17: =G17*I17 -> 0 | M17: 30 | W17: 2 | AC17: =SUM(M17,O17,Q17,S17,U17,W17,Y17,AA17) -> 32 | AD17: =SUM(N17,P17,R17,T17,V17,X17,Z17,AB17) -> 0 | AX17: =G17*J17 -> 0
A18: 6RY01063 | B18: 6RI02013 | C18: ESTANTE EN PARED 100 X 30 INCLINADO | D18: 20.21 | E18: €/Ud. | G18: =ROUND(F18-(F18*0.2),2) -> 0 | H18: 5 | I18: 0 | J18: 0 | K18: =H18*D18 -> 101.05 | L18: =G18*I18 -> 0 | W18: 4 | Y18: 3 | AC18: =SUM(M18,O18,Q18,S18,U18,W18,Y18,AA18) -> 7 | AD18: =SUM(N18,P18,R18,T18,V18,X18,Z18,AB18) -> 0 | AX18: =G18*J18 -> 0
A19: 6RY01011 | B19: 6RI02014 | C19: ESTANTE EN PARED 100 X 50 HORIZONTAL | D19: 20.21 | E19: €/Ud. | G19: =ROUND(F19-(F19*0.2),2) -> 0 | H19: 10 | I19: 0 | J19: 0 | K19: =H19*D19 -> 202.1 | L19: =G19*I19 -> 0 | AC19: =SUM(M19,O19,Q19,S19,U19,W19,Y19,AA19) -> 0 | AD19: =SUM(N19,P19,R19,T19,V19,X19,Z19,AB19) -> 0 | AX19: =G19*J19 -> 0
A20: 6RY01040 | B20: 6RI02037 | C20: ESTANTE EN PARED 100X30 HORIZONTAL (MADERA) | D20: 39.08 | E20: €/Ud. | G20: =ROUND(F20-(F20*0.2),2) -> 0 | H20: 10 | I20: 0 | J20: 0 | K20: =H20*D20 -> 390.8 | L20: =G20*I20 -> 0 | M20: 12 | O20: 1 | S20: 7 | U20: 16 | AC20: =SUM(M20,O20,Q20,S20,U20,W20,Y20,AA20) -> 36 | AD20: =SUM(N20,P20,R20,T20,V20,X20,Z20,AB20) -> 0 | AX20: =G20*J20 -> 0
A21: 6RY01041 | B21: 6RI02038 | C21: ESTANTE EN PARED 100X30 INCLINADO (MADERA) | D21: 39.08 | E21: €/Ud. | G21: =ROUND(F21-(F21*0.2),2) -> 0 | H21: 2 | I21: 0 | J21: 0 | K21: =H21*D21 -> 78.16 | L21: =G21*I21 -> 0 | S21: 3 | AC21: =SUM(M21,O21,Q21,S21,U21,W21,Y21,AA21) -> 3 | AD21: =SUM(N21,P21,R21,T21,V21,X21,Z21,AB21) -> 0 | AX21: =G21*J21 -> 0
A22: 6RY01042 | B22: 6RI02039 | C22: ESTANTE EN PARED 100X50 HORIZONTAL (MADERA) | D22: 39.08 | E22: €/Ud. | G22: =ROUND(F22-(F22*0.2),2) -> 0 | H22: 10 | I22: 0 | J22: 0 | K22: =H22*D22 -> 390.8 | L22: =G22*I22 -> 0 | M22: 19 | S22: 3 | AC22: =SUM(M22,O22,Q22,S22,U22,W22,Y22,AA22) -> 22 | AD22: =SUM(N22,P22,R22,T22,V22,X22,Z22,AB22) -> 0 | AX22: =G22*J22 -> 0
A23: 6RY01065 | B23: 6RI02158 | C23: FOCO LED CON BRAZO | D23: 69.37 | E23: €/Ud. | G23: =ROUND(F23-(F23*0.2),2) -> 0 | H23: 0 | I23: 0 | J23: 0 | K23: =H23*D23 -> 0 | L23: =G23*I23 -> 0 | M23: 8 | U23: 7 | W23: 227 | AA23: 4 | AC23: =SUM(M23,O23,Q23,S23,U23,W23,Y23,AA23) -> 246 | AD23: =SUM(N23,P23,R23,T23,V23,X23,Z23,AB23) -> 0 | AX23: =G23*J23 -> 0
A24: 6RY01064 | B24: 6RI02157 | C24: FOCO LED EN CARRIL | D24: 60.32 | E24: €/Ud. | G24: =ROUND(F24-(F24*0.2),2) -> 0 | H24: 6 | I24: 0 | J24: 0 | K24: =H24*D24 -> 361.92 | L24: =G24*I24 -> 0 | M24: 25 | Q24: 5 | S24: 2 | U24: 11 | AA24: 2 | AC24: =SUM(M24,O24,Q24,S24,U24,W24,Y24,AA24) -> 45 | AD24: =SUM(N24,P24,R24,T24,V24,X24,Z24,AB24) -> 0 | AX24: =G24*J24 -> 0
A25: 6RY01079 | B25: 6RI02159 | C25: HORA TÉCNICO (MINIMO 1 h.) | D25: 45.78 | E25: €/h | G25: =ROUND(F25-(F25*0.2),2) -> 0 | H25: 0 | I25: 0 | J25: 0 | K25: =H25*D25 -> 0 | L25: =G25*I25 -> 0 | W25: 127 | AC25: =SUM(M25,O25,Q25,S25,U25,W25,Y25,AA25) -> 127 | AD25: =SUM(N25,P25,R25,T25,V25,X25,Z25,AB25) -> 0 | AX25: =G25*J25 -> 0
A26: 6RY01080 | B26: 6RI02113 | C26: LOGOTIPO | D26: 40.34 | E26: €/Ud. | G26: =ROUND(F26-(F26*0.2),2) -> 0 | H26: 0 | I26: 0 | J26: 0 | K26: =H26*D26 -> 0 | L26: =G26*I26 -> 0 | AC26: =SUM(M26,O26,Q26,S26,U26,W26,Y26,AA26) -> 0 | AD26: =SUM(N26,P26,R26,T26,V26,X26,Z26,AB26) -> 0 | AX26: =G26*J26 -> 0
A27: 6RY01005 | B27: 6RI02121 | C27: MOQUETA FERIAL SUELO (CON PLÁSTICO PROTECTOR) | D27: 6.87 | E27: €/m2 | G27: =ROUND(F27-(F27*0.2),2) -> 0 | H27: 0 | I27: 0 | J27: 0 | K27: =H27*D27 -> 0 | L27: =G27*I27 -> 0 | M27: 36 | N27: 50 | P27: 48 | S27: 328 | U27: 156 | AA27: 27 | AC27: =SUM(M27,O27,Q27,S27,U27,W27,Y27,AA27) -> 547 | AD27: =SUM(N27,P27,R27,T27,V27,X27,Z27,AB27) -> 98 | AX27: =G27*J27 -> 0
A28: 6RY01030 | B28: 6RI02041 | C28: MOSTRADOR 100 X 50 X 100 | D28: 47.11 | E28: €/Ud. | G28: =ROUND(F28-(F28*0.2),2) -> 0 | H28: 6 | I28: 0 | J28: 0 | K28: =H28*D28 -> 282.66 | L28: =G28*I28 -> 0 | S28: 2 | AC28: =SUM(M28,O28,Q28,S28,U28,W28,Y28,AA28) -> 2 | AD28: =SUM(N28,P28,R28,T28,V28,X28,Z28,AB28) -> 0 | AX28: =G28*J28 -> 0
A29: 6RY01045 | B29: 6RI02042 | C29: MOSTRADOR 100X50X100 (MADERA) | D29: 95.88 | E29: €/Ud. | G29: =ROUND(F29-(F29*0.2),2) -> 0 | H29: 2 | I29: 0 | J29: 2 | K29: =H29*D29 -> 191.76 | L29: =G29*I29 -> 0 | U29: 9 | W29: 1 | Y29: 6 | AC29: =SUM(M29,O29,Q29,S29,U29,W29,Y29,AA29) -> 16 | AD29: =SUM(N29,P29,R29,T29,V29,X29,Z29,AB29) -> 0 | AX29: =G29*J29 -> 0
A30: 6RY01029 | B30: 6RI02040 | C30: MOSTRADOR VITRINA | D30: 67.32 | E30: €/Ud. | G30: =ROUND(F30-(F30*0.2),2) -> 0 | H30: 2 | I30: 0 | J30: 0 | K30: =H30*D30 -> 134.64 | L30: =G30*I30 -> 0 | AC30: =SUM(M30,O30,Q30,S30,U30,W30,Y30,AA30) -> 0 | AD30: =SUM(N30,P30,R30,T30,V30,X30,Z30,AB30) -> 0 | AX30: =G30*J30 -> 0
A31: 6RY01046 | B31: 6RI02114 | C31: MURO AGLOMERADO (10-20 CM) PINTADO HASTA 1,22 M ALTURA | D31: 42.65 | E31: €/Ml. | G31: =ROUND(F31-(F31*0.2),2) -> 0 | H31: 0 | I31: 0 | J31: 10 | K31: =H31*D31 -> 0 | L31: =G31*I31 -> 0 | S31: 3 | U31: 3 | AC31: =SUM(M31,O31,Q31,S31,U31,W31,Y31,AA31) -> 6 | AD31: =SUM(N31,P31,R31,T31,V31,X31,Z31,AB31) -> 0 | AX31: =G31*J31 -> 0
A32: 6RY01047 | B32: 6RI02115 | C32: MURO AGLOMERADO (10-20 CM) PINTADO HASTA 2,44 M ALTURA | D32: 64 | E32: €/Ml. | G32: =ROUND(F32-(F32*0.2),2) -> 0 | H32: 0 | I32: 0 | J32: 0 | K32: =H32*D32 -> 0 | L32: =G32*I32 -> 0 | S32: 2 | W32: 53 | Y32: 143 | AC32: =SUM(M32,O32,Q32,S32,U32,W32,Y32,AA32) -> 198 | AD32: =SUM(N32,P32,R32,T32,V32,X32,Z32,AB32) -> 0 | AX32: =G32*J32 -> 0
A33: 6RY01048 | B33: 6RI02116 | C33: MURO AGLOMERADO (10-20 CM) PINTADO HASTA 3,00 M ALTURA | D33: 80 | E33: €/Ml. | G33: =ROUND(F33-(F33*0.2),2) -> 0 | H33: 0 | I33: 0 | J33: 50 | K33: =H33*D33 -> 0 | L33: =G33*I33 -> 0 | M33: 19 | N33: 7 | S33: 10 | U33: 21 | V33: 168 | AC33: =SUM(M33,O33,Q33,S33,U33,W33,Y33,AA33) -> 50 | AD33: =SUM(N33,P33,R33,T33,V33,X33,Z33,AB33) -> 175 | AX33: =G33*J33 -> 0
A34: 6RY01071 | B34: 6RI02117 | C34: MURO AGLOMERADO (10-20 CM) PINTADO HASTA 3,66 M ALTURA | D34: 106.64 | E34: €/Ml. | G34: =ROUND(F34-(F34*0.2),2) -> 0 | H34: 0 | I34: 0 | J34: 0 | K34: =H34*D34 -> 0 | L34: =G34*I34 -> 0 | AC34: =SUM(M34,O34,Q34,S34,U34,W34,Y34,AA34) -> 0 | AD34: =SUM(N34,P34,R34,T34,V34,X34,Z34,AB34) -> 0 | AX34: =G34*J34 -> 0
A35: 6RY01002 | B35: 6RI02007 | C35: PANEL ACRISTALADO 1ML. | D35: 74.02 | E35: €/Ml. | G35: =ROUND(F35-(F35*0.2),2) -> 0 | H35: 0 | I35: 0 | J35: 0 | K35: =H35*D35 -> 0 | L35: =G35*I35 -> 0 | AC35: =SUM(M35,O35,Q35,S35,U35,W35,Y35,AA35) -> 0 | AD35: =SUM(N35,P35,R35,T35,V35,X35,Z35,AB35) -> 0 | AX35: =G35*J35 -> 0
A36: 6RY01049 | B36: 6RI09001 | C36: PANEL AGLOMERADO PINTADO HASTA 1,22 M ALTURA | D36: 25.58 | E36: €/Ml. | G36: =ROUND(F36-(F36*0.2),2) -> 0 | H36: 0 | I36: 0 | J36: 0 | K36: =H36*D36 -> 0 | L36: =G36*I36 -> 0 | S36: 6 | AC36: =SUM(M36,O36,Q36,S36,U36,W36,Y36,AA36) -> 6 | AD36: =SUM(N36,P36,R36,T36,V36,X36,Z36,AB36) -> 0 | AX36: =G36*J36 -> 0
A37: 6RY01050 | B37: 6RI09002 | C37: PANEL AGLOMERADO PINTADO HASTA 2,44 M ALTURA | D37: 51.19 | E37: €/Ml. | G37: =ROUND(F37-(F37*0.2),2) -> 0 | H37: 0 | I37: 0 | J37: 0 | K37: =H37*D37 -> 0 | L37: =G37*I37 -> 0 | AC37: =SUM(M37,O37,Q37,S37,U37,W37,Y37,AA37) -> 0 | AD37: =SUM(N37,P37,R37,T37,V37,X37,Z37,AB37) -> 0 | AX37: =G37*J37 -> 0
A38: 6RY01051 | B38: 6RI09003 | C38: PANEL AGLOMERADO PINTADO HASTA 3,00 M ALTURA | D38: 60 | E38: €/Ml. | G38: =ROUND(F38-(F38*0.2),2) -> 0 | H38: 0 | I38: 4 | J38: 30 | K38: =H38*D38 -> 0 | L38: =G38*I38 -> 0 | M38: 63 | N38: 72 | P38: 8 | R38: 12 | S38: 22 | T38: 305 | U38: 33 | V38: 37 | AA38: 14 | AC38: =SUM(M38,O38,Q38,S38,U38,W38,Y38,AA38) -> 132 | AD38: =SUM(N38,P38,R38,T38,V38,X38,Z38,AB38) -> 434 | AX38: =G38*J38 -> 0
A39: 6RY01070 | B39: 6RI09004 | C39: PANEL AGLOMERADO PINTADO HASTA 3,66 M ALTURA | D39: 76.78 | E39: €/Ml. | G39: =ROUND(F39-(F39*0.2),2) -> 0 | H39: 0 | I39: 0 | J39: 0 | K39: =H39*D39 -> 0 | L39: =G39*I39 -> 0 | AC39: =SUM(M39,O39,Q39,S39,U39,W39,Y39,AA39) -> 0 | AD39: =SUM(N39,P39,R39,T39,V39,X39,Z39,AB39) -> 0 | AX39: =G39*J39 -> 0
A40: 6RY01001 | B40: 6RI02008 | C40: PANEL MELAMINADO 1ML | D40: 36.47 | E40: €/Ml. | G40: =ROUND(F40-(F40*0.2),2) -> 0 | H40: 10 | I40: 30 | J40: 0 | K40: =H40*D40 -> 364.7 | L40: =G40*I40 -> 0 | M40: 2 | N40: 170 | V40: 19 | AC40: =SUM(M40,O40,Q40,S40,U40,W40,Y40,AA40) -> 2 | AD40: =SUM(N40,P40,R40,T40,V40,X40,Z40,AB40) -> 189 | AX40: =G40*J40 -> 0
A41: 6RY01052 | B41: 6RI02122 | C41: PANEL MELAMINADO DE DIFERENTE COLOR | D41: 186.62 | E41: €/Ml. | G41: =ROUND(F41-(F41*0.2),2) -> 0 | H41: 0 | I41: 0 | J41: 0 | K41: =H41*D41 -> 0 | L41: =G41*I41 -> 0 | AC41: =SUM(M41,O41,Q41,S41,U41,W41,Y41,AA41) -> 0 | AD41: =SUM(N41,P41,R41,T41,V41,X41,Z41,AB41) -> 0 | AX41: =G41*J41 -> 0
A42: 6RY01031 | B42: 6RI02022 | C42: PERCHERO EN PARED | D42: 23.04 | E42: €/Ud. | G42: =ROUND(F42-(F42*0.2),2) -> 0 | H42: 0 | I42: 0 | J42: 0 | K42: =H42*D42 -> 0 | L42: =G42*I42 -> 0 | AC42: =SUM(M42,O42,Q42,S42,U42,W42,Y42,AA42) -> 0 | AD42: =SUM(N42,P42,R42,T42,V42,X42,Z42,AB42) -> 0 | AX42: =G42*J42 -> 0
A43: 6RY01053 | B43: 6RI02064 | C43: PERCHERO MOVIL | D43: 34.56 | E43: €/Ud. | G43: =ROUND(F43-(F43*0.2),2) -> 0 | H43: 0 | I43: 0 | J43: 0 | K43: =H43*D43 -> 0 | L43: =G43*I43 -> 0 | W43: 2 | X43: 58 | AC43: =SUM(M43,O43,Q43,S43,U43,W43,Y43,AA43) -> 2 | AD43: =SUM(N43,P43,R43,T43,V43,X43,Z43,AB43) -> 58 | AX43: =G43*J43 -> 0
A44: 6RY01054 | B44: 6RI02023 | C44: PODIUM 50 X 50 X 100 | D44: 35.88 | E44: €/Ud. | G44: =ROUND(F44-(F44*0.2),2) -> 0 | H44: 0 | I44: 0 | J44: 0 | K44: =H44*D44 -> 0 | L44: =G44*I44 -> 0 | AC44: =SUM(M44,O44,Q44,S44,U44,W44,Y44,AA44) -> 0 | AD44: =SUM(N44,P44,R44,T44,V44,X44,Z44,AB44) -> 0 | AX44: =G44*J44 -> 0
A45: 6RY01055 | B45: 6RI02024 | C45: PODIUM 50 X 50 X 50 | D45: 32.06 | E45: €/Ud. | G45: =ROUND(F45-(F45*0.2),2) -> 0 | H45: 0 | I45: 0 | J45: 0 | K45: =H45*D45 -> 0 | L45: =G45*I45 -> 0 | W45: 7 | X45: 141 | AC45: =SUM(M45,O45,Q45,S45,U45,W45,Y45,AA45) -> 7 | AD45: =SUM(N45,P45,R45,T45,V45,X45,Z45,AB45) -> 141 | AX45: =G45*J45 -> 0
A46: 6RY01028 | B46: 6RI02025 | C46: PODIUM 50 X 50 X 75 | D46: 33.95 | E46: €/Ud. | G46: =ROUND(F46-(F46*0.2),2) -> 0 | H46: 0 | I46: 0 | J46: 0 | K46: =H46*D46 -> 0 | L46: =G46*I46 -> 0 | AC46: =SUM(M46,O46,Q46,S46,U46,W46,Y46,AA46) -> 0 | AD46: =SUM(N46,P46,R46,T46,V46,X46,Z46,AB46) -> 0 | AX46: =G46*J46 -> 0
A47: 6RY01056 | B47: 6RI02044 | C47: PODIUM 50X50X100 (MADERA) | D47: 67.11 | E47: €/Ud. | G47: =ROUND(F47-(F47*0.2),2) -> 0 | H47: 0 | I47: 0 | J47: 0 | K47: =H47*D47 -> 0 | L47: =G47*I47 -> 0 | S47: 1 | AC47: =SUM(M47,O47,Q47,S47,U47,W47,Y47,AA47) -> 1 | AD47: =SUM(N47,P47,R47,T47,V47,X47,Z47,AB47) -> 0 | AX47: =G47*J47 -> 0
A48: 6RY01057 | B48: 6RI02043 | C48: PODIUM 50X50X50 (MADERA) | D48: 57.54 | E48: €/Ud. | G48: =ROUND(F48-(F48*0.2),2) -> 0 | H48: 0 | I48: 0 | J48: 0 | K48: =H48*D48 -> 0 | L48: =G48*I48 -> 0 | S48: 5 | AC48: =SUM(M48,O48,Q48,S48,U48,W48,Y48,AA48) -> 5 | AD48: =SUM(N48,P48,R48,T48,V48,X48,Z48,AB48) -> 0 | AX48: =G48*J48 -> 0
A49: 6RY01058 | B49: 6RI02045 | C49: PODIUM 50X50X75 (MADERA) | D49: 61.43 | E49: €/Ud. | G49: =ROUND(F49-(F49*0.2),2) -> 0 | H49: 0 | I49: 0 | J49: 0 | K49: =H49*D49 -> 0 | L49: =G49*I49 -> 0 | R49: 1 | S49: 1 | AC49: =SUM(M49,O49,Q49,S49,U49,W49,Y49,AA49) -> 1 | AD49: =SUM(N49,P49,R49,T49,V49,X49,Z49,AB49) -> 1 | AX49: =G49*J49 -> 0
A50: 6RY01009 | B50: 6RI02026 | C50: PUERTA ACRISTALADA CON LLAVE | D50: 119.82 | E50: €/Ud. | G50: =ROUND(F50-(F50*0.2),2) -> 0 | H50: 0 | I50: 0 | J50: 0 | K50: =H50*D50 -> 0 | L50: =G50*I50 -> 0 | AC50: =SUM(M50,O50,Q50,S50,U50,W50,Y50,AA50) -> 0 | AD50: =SUM(N50,P50,R50,T50,V50,X50,Z50,AB50) -> 0 | AX50: =G50*J50 -> 0
A51: 6RY01010 | B51: 6RI02065 | C51: PUERTA CON LLAVE | D51: 100.9 | E51: €/Ud. | G51: =ROUND(F51-(F51*0.2),2) -> 0 | H51: 1 | I51: 0 | J51: 2 | K51: =H51*D51 -> 100.9 | L51: =G51*I51 -> 0 | M51: 1 | P51: 1 | U51: 1 | AC51: =SUM(M51,O51,Q51,S51,U51,W51,Y51,AA51) -> 2 | AD51: =SUM(N51,P51,R51,T51,V51,X51,Z51,AB51) -> 1 | AX51: =G51*J51 -> 0
A52: 6RY01059 | B52: 6RI02027 | C52: PUERTA CON LLAVE (MADERA) | D52: 153.9 | E52: €/Ud. | G52: =ROUND(F52-(F52*0.2),2) -> 0 | H52: 1 | I52: 0 | J52: 2 | K52: =H52*D52 -> 153.9 | L52: =G52*I52 -> 0 | S52: 2 | V52: 1 | AC52: =SUM(M52,O52,Q52,S52,U52,W52,Y52,AA52) -> 2 | AD52: =SUM(N52,P52,R52,T52,V52,X52,Z52,AB52) -> 1 | AX52: =G52*J52 -> 0
A53: 6RY01081 | B53: 6RI02066 | C53: PUERTA DOBLE CON LLAVE | D53: 126.2 | E53: €/Ud. | G53: =ROUND(F53-(F53*0.2),2) -> 0 | H53: 0 | I53: 0 | J53: 0 | K53: =H53*D53 -> 0 | L53: =G53*I53 -> 0 | AC53: =SUM(M53,O53,Q53,S53,U53,W53,Y53,AA53) -> 0 | AD53: =SUM(N53,P53,R53,T53,V53,X53,Z53,AB53) -> 0 | AX53: =G53*J53 -> 0
A54: 6RY01082 | B54: 6RI02028 | C54: PUERTA DOBLE CON LLAVE (MADERA) | D54: 192.36 | E54: €/Ud. | G54: =ROUND(F54-(F54*0.2),2) -> 0 | H54: 0 | I54: 0 | J54: 0 | K54: =H54*D54 -> 0 | L54: =G54*I54 -> 0 | W54: 1 | AC54: =SUM(M54,O54,Q54,S54,U54,W54,Y54,AA54) -> 1 | AD54: =SUM(N54,P54,R54,T54,V54,X54,Z54,AB54) -> 0 | AX54: =G54*J54 -> 0
B55: 6RI02058 | C55: PUERTA EMERGENCIA DOBLE | D55: 312.77 | E55: €/Ud. | G55: =ROUND(F55-(F55*0.2),2) -> 0 | H55: 0 | I55: 0 | J55: 0 | K55: =H55*D55 -> 0 | L55: =G55*I55 -> 0 | AC55: =SUM(M55,O55,Q55,S55,U55,W55,Y55,AA55) -> 0 | AD55: =SUM(N55,P55,R55,T55,V55,X55,Z55,AB55) -> 0 | AX55: =G55*J55 -> 0
A56: 6RY01006 | B56: 6RI02032 | C56: RÓTULO LETRA ADHESIVA ESTÁNDAR (MÁX. 20 LETRAS) | D56: 24.25 | E56: €/Ud. | G56: =ROUND(F56-(F56*0.2),2) -> 0 | H56: 0 | I56: 0 | J56: 0 | K56: =H56*D56 -> 0 | L56: =G56*I56 -> 0 | M56: 6 | S56: 2 | U56: 1 | AC56: =SUM(M56,O56,Q56,S56,U56,W56,Y56,AA56) -> 9 | AD56: =SUM(N56,P56,R56,T56,V56,X56,Z56,AB56) -> 0 | AX56: =G56*J56 -> 0
A57: 6RY01083 | B57: 6RI02062 | C57: TAPIZADO DE PAREDES | D57: 13.75 | E57: €/m2 | G57: =ROUND(F57-(F57*0.2),2) -> 0 | H57: 0 | I57: 0 | J57: 0 | K57: =H57*D57 -> 0 | L57: =G57*I57 -> 0 | W57: 1 | AC57: =SUM(M57,O57,Q57,S57,U57,W57,Y57,AA57) -> 1 | AD57: =SUM(N57,P57,R57,T57,V57,X57,Z57,AB57) -> 0 | AX57: =G57*J57 -> 0
A58: 6RY01003 | B58: 6RI02031 | C58: TARIMA MODULAR DE 10 CM. DE ALTURA ENMOQUETADA | D58: 18.94 | E58: €/m2 | G58: =ROUND(F58-(F58*0.2),2) -> 0 | H58: 0 | I58: 0 | J58: 0 | K58: =H58*D58 -> 0 | L58: =G58*I58 -> 0 | P58: 9 | U58: 48 | AC58: =SUM(M58,O58,Q58,S58,U58,W58,Y58,AA58) -> 48 | AD58: =SUM(N58,P58,R58,T58,V58,X58,Z58,AB58) -> 9 | AX58: =G58*J58 -> 0
A59: 6RY01004 | B59: 6RI02059 | C59: TARIMA MODULAR DE 10 CM. DE ALTURA MELAMINADA | D59: 38.46 | E59: €/m2 | G59: =ROUND(F59-(F59*0.2),2) -> 0 | H59: 0 | I59: 0 | J59: 0 | K59: =H59*D59 -> 0 | L59: =G59*I59 -> 0 | U59: 20 | AC59: =SUM(M59,O59,Q59,S59,U59,W59,Y59,AA59) -> 20 | AD59: =SUM(N59,P59,R59,T59,V59,X59,Z59,AB59) -> 0 | AX59: =G59*J59 -> 0
A60: 6RY01008 | B60: 6RI02047 | C60: TECHO RETICULADO CUBIERTO 1 X1 | D60: 15.44 | E60: €/m2 | G60: =ROUND(F60-(F60*0.2),2) -> 0 | H60: 0 | I60: 0 | J60: 0 | K60: =H60*D60 -> 0 | L60: =G60*I60 -> 0 | AC60: =SUM(M60,O60,Q60,S60,U60,W60,Y60,AA60) -> 0 | AD60: =SUM(N60,P60,R60,T60,V60,X60,Z60,AB60) -> 0 | AX60: =G60*J60 -> 0
A61: 6RY01007 | B61: 6RI02048 | C61: TECHO TELA | D61: 12.82 | E61: €/m2 | G61: =ROUND(F61-(F61*0.2),2) -> 0 | H61: 0 | I61: 0 | J61: 0 | K61: =H61*D61 -> 0 | L61: =G61*I61 -> 0 | M61: 24 | W61: 2 | AC61: =SUM(M61,O61,Q61,S61,U61,W61,Y61,AA61) -> 26 | AD61: =SUM(N61,P61,R61,T61,V61,X61,Z61,AB61) -> 0 | AX61: =G61*J61 -> 0
A62: 6RY01060 | B62: 6RI02063 | C62: VIGA SUPLEMENTARIA (MADERA) | D62: 8.88 | E62: €/ml. | G62: =ROUND(F62-(F62*0.2),2) -> 0 | H62: 0 | I62: 0 | J62: 0 | K62: =H62*D62 -> 0 | L62: =G62*I62 -> 0 | M62: 21 | AC62: =SUM(M62,O62,Q62,S62,U62,W62,Y62,AA62) -> 21 | AD62: =SUM(N62,P62,R62,T62,V62,X62,Z62,AB62) -> 0 | AX62: =G62*J62 -> 0
A63: 6RY01061 | B63: 6RI02033 | C63: VITRINA 100 X 100 CON LUZ (CONEXIÓN INCLUIDA) | D63: 215.4 | E63: €/Ud. | G63: =ROUND(F63-(F63*0.2),2) -> 0 | H63: 4 | I63: 0 | J63: 0 | K63: =H63*D63 -> 861.6 | L63: =G63*I63 -> 0 | AC63: =SUM(M63,O63,Q63,S63,U63,W63,Y63,AA63) -> 0 | AD63: =SUM(N63,P63,R63,T63,V63,X63,Z63,AB63) -> 0 | AX63: =G63*J63 -> 0
A64: 6RY01062 | B64: 6RI02034 | C64: VITRINA 100 X 50 CON LUZ (CONEXIÓN INCLUIDA) | D64: 175.03 | E64: €/Ud. | G64: =ROUND(F64-(F64*0.2),2) -> 0 | H64: 4 | I64: 0 | J64: 0 | K64: =H64*D64 -> 700.12 | L64: =G64*I64 -> 0 | AC64: =SUM(M64,O64,Q64,S64,U64,W64,Y64,AA64) -> 0 | AD64: =SUM(N64,P64,R64,T64,V64,X64,Z64,AB64) -> 0 | AX64: =G64*J64 -> 0
C65: MATERIALES COMPLEMENTARIOS PARA EXPOSITOR A MEDIDA Y BAJO PRESUPUESTO | D65: Esta partida es una estimación cuyo importe no está sometido a licitación | K65: 2000
C66: TOTALES COMPLEMENTOS EXPOSITOR+IFEMA | K66: =SUM(K3:K65) -> 7079.99 | L66: =SUM(,L3:L64) -> 0 | AX66: =SUM(AX3:AX65) -> 0
K67: (1) | L67: (2) | AX67: (3)
C68: (*) El ofertante deberá consignar el precio unitario ofertado para expositores en aquellos materiales cuya destino puede ser para expositores o para IFEMA. En caso del uso para IFEMA, el precio ofertado para expositores se aplicará un descuento de un 20 %
C70: El ofertante únicamente deberá cumplimentar las celdas de precios unitarios con fondo AZUL.

Sheet Materiales Complem Sagris
A1: Cod. SAP | C1: ARTÍCULOS SAGRIS | D1: Precios unitarios máximos iva excluido | F1: PRECIO UNITARIO OFERTADO PARA EXPOSITOR (a) | G1: PRECIO UNITARIO OFERTADO PARA IFEMA (se aplica un 20 % de descuento del precio para ofertado para expositor) (b) | H1: ESTIMACIÓN UNIDADES EXPOSITOR ( c ) | I1: ESTIMACIÓN UNIDADES IFEMA ( d ) | J1: ESTIMACIÓN UNIDADES DISEÑO FERIAL ( d ) | K1: IMPORTE EXPOSITOR (a) x (c) | L1: IMPORTE IFEMA (b) x ( d ) | M1: Intergift | O1: Vida Silver | Q1: Pisci-Mad | S1: FRUIT (PARA CADA LOTE) | U1: Salon Look | W1: Matelec Industry | Y1: Veteco | AA1: Simo | AC1: Total | AX1: IMPORTE DISEÑO FERIAL (b) x ( d )
A2: Expositor | B2: SS.FF. | C2: MATERIALES GENERICOS | M2: Expo | N2: Ifema | O2: Expo | P2: Ifema | Q2: Expo | R2: Ifema | S2: Expo | T2: Ifema | U2: Expo | V2: Ifema | W2: Expo | X2: Ifema | Y2: Expo | Z2: Ifema | AA2: Expo | AB2: Ifema | AC2: Expo | AD2: Ifema
A3: 6RY01037 | B3: 6RI09005 | C3: ARMARIO BAJO 100 x 50 x 60 (MADERA) | D3: 85.3 | E3: €/Ud. | G3: =ROUND(F3-(F3*0.2),2) -> 0 | H3: 0 | I3: 0 | J3: 0 | K3: =H3*D3 -> 0 | L3: =G3*I3 -> 0 | AC3: =SUM(M3,O3,Q3,S3,U3,W3,Y3,AA3) -> 0 | AD3: =SUM(N3,P3,R3,T3,V3,X3,Z3,AB3) -> 0 | AX3: =G3*J3 -> 0
A4: 6RY01072 | B4: 6RI02125 | C4: BANDEROLA (40 x 50 cm.) | D4: 5.91 | E4: €/Ud. | G4: =ROUND(F4-(F4*0.2),2) -> 0 | H4: 0 | I4: 0 | J4: 0 | K4: =H4*D4 -> 0 | L4: =G4*I4 -> 0 | AC4: =SUM(M4,O4,Q4,S4,U4,W4,Y4,AA4) -> 0 | AD4: =SUM(N4,P4,R4,T4,V4,X4,Z4,AB4) -> 0 | AX4: =G4*J4 -> 0
A5: 6RY01034 | B5: 6RI02003 | C5: BASE DE ENCHUFE CUÁDRUPLE HASTA 3.500 W CABLE HASTA 10 M (CUADRO NO INCLUIDO) | D5: 9.71 | E5: €/Ud. | G5: =ROUND(F5-(F5*0.2),2) -> 0 | H5: 4 | I5: 0 | J5: 0 | K5: =H5*D5 -> 38.84 | L5: =G5*I5 -> 0 | S5: 8 | U5: 2 | W5: 2 | Y5: 4 | AA5: 1 | AC5: =SUM(M5,O5,Q5,S5,U5,W5,Y5,AA5) -> 17 | AD5: =SUM(N5,P5,R5,T5,V5,X5,Z5,AB5) -> 0 | AX5: =G5*J5 -> 0
A6: 6RY01032 | B6: 6RI02001 | C6: BASE DE ENCHUFE DOBLE HASTA 3.500 W CABLE HASTA 10 M (CUADRO NO INCLUIDO) | D6: 6.47 | E6: €/Ud. | G6: =ROUND(F6-(F6*0.2),2) -> 0 | H6: 2 | I6: 0 | J6: 0 | K6: =H6*D6 -> 12.94 | L6: =G6*I6 -> 0 | M6: 59 | Q6: 7 | S6: 19 | U6: 89 | W6: 1 | Y6: 2 | AA6: 28 | AC6: =SUM(M6,O6,Q6,S6,U6,W6,Y6,AA6) -> 205 | AD6: =SUM(N6,P6,R6,T6,V6,X6,Z6,AB6) -> 0 | AX6: =G6*J6 -> 0
A7: 6RY01033 | B7: 6RI02002 | C7: BASE DE ENCHUFE TRIPLE HASTA 3.500 W CABLE HASTA 10 M (CUADRO NO INCLUIDO) | D7: 8.1 | E7: €/Ud. | G7: =ROUND(F7-(F7*0.2),2) -> 0 | H7: 2 | I7: 0 | J7: 0 | K7: =H7*D7 -> 16.2 | L7: =G7*I7 -> 0 | O7: 10 | S7: 7 | U7: 1 | W7: 2 | Y7: 2 | AA7: 2 | AC7: =SUM(M7,O7,Q7,S7,U7,W7,Y7,AA7) -> 24 | AD7: =SUM(N7,P7,R7,T7,V7,X7,Z7,AB7) -> 0 | AX7: =G7*J7 -> 0
A8: 6RY01075 | B8: 6RI02120 | C8: BASTIDOR DE ALUMINIO | D8: 28.93 | E8: €/Ml. | G8: =ROUND(F8-(F8*0.2),2) -> 0 | H8: 0 | I8: 0 | J8: 0 | K8: =H8*D8 -> 0 | L8: =G8*I8 -> 0 | AC8: =SUM(M8,O8,Q8,S8,U8,W8,Y8,AA8) -> 0 | AD8: =SUM(N8,P8,R8,T8,V8,X8,Z8,AB8) -> 0 | AX8: =G8*J8 -> 0
A9: 6RY01038 | B9: 6RI02067 | C9: CAMBIO COLOR PINTURA | D9: 5.17 | E9: €/m2 | G9: =ROUND(F9-(F9*0.2),2) -> 0 | H9: 0 | I9: 0 | J9: 0 | K9: =H9*D9 -> 0 | L9: =G9*I9 -> 0 | M9: 121 | Q9: 2 | S9: 91 | U9: 211 | V9: 12 | AA9: 114 | AC9: =SUM(M9,O9,Q9,S9,U9,W9,Y9,AA9) -> 539 | AD9: =SUM(N9,P9,R9,T9,V9,X9,Z9,AB9) -> 12 | AX9: =G9*J9 -> 0
A10: 6RY01035 | B10: 6RI02020 | C10: CORTINA | D10: 29.26 | E10: €/Ml. | G10: =ROUND(F10-(F10*0.2),2) -> 0 | H10: 0 | I10: 20 | J10: 0 | K10: =H10*D10 -> 0 | L10: =G10*I10 -> 0 | N10: 27 | T10: 62 | U10: 5 | V10: 22 | W10: 1 | X10: 11 | Z10: 2 | AC10: =SUM(M10,O10,Q10,S10,U10,W10,Y10,AA10) -> 6 | AD10: =SUM(N10,P10,R10,T10,V10,X10,Z10,AB10) -> 124 | AX10: =G10*J10 -> 0
A11: 6RY01018 | B11: 6RI02052 | C11: ENCHUFE MONOFÁSICO HASTA 3.500 W CABLE HASTA 10 M (CUADRO NO INCLUIDO) | D11: 11.64 | E11: €/Ud. | G11: =ROUND(F11-(F11*0.2),2) -> 0 | H11: 2 | I11: 0 | J11: 0 | K11: =H11*D11 -> 23.28 | L11: =G11*I11 -> 0 | M11: 83 | S11: 32 | AA11: 5 | AC11: =SUM(M11,O11,Q11,S11,U11,W11,Y11,AA11) -> 120 | AD11: =SUM(N11,P11,R11,T11,V11,X11,Z11,AB11) -> 0 | AX11: =G11*J11 -> 0
A12: 6RY01076 | B12: 6RI02168 | C12: ENCHUFE TRIFASICO HASTA 18.000 W. DE 10 M DE LONGITUD CON CETAC DE 32 AMPERIOS MACHO Y HEMBRA EN LOS EXTREMOS (CUADRO NO INCLUIDO) | D12: 26.22 | E12: €/Ud. | G12: =ROUND(F12-(F12*0.2),2) -> 0 | H12: 2 | I12: 0 | J12: 0 | K12: =H12*D12 -> 52.44 | L12: =G12*I12 -> 0 | S12: 6 | AC12: =SUM(M12,O12,Q12,S12,U12,W12,Y12,AA12) -> 6 | AD12: =SUM(N12,P12,R12,T12,V12,X12,Z12,AB12) -> 0 | AX12: =G12*J12 -> 0
A13: 6RY01077 | B13: 6RI02169 | C13: ENCHUFE TRIFASICO HASTA 37.000 W. DE 10 M DE LONGITUD CON CETAC DE 63 AMPERIOS MACHO Y HEMBRA EN LOS EXTREMOS (CUADRO NO INCLUIDO) | D13: 39.32 | E13: €/Ud. | G13: =ROUND(F13-(F13*0.2),2) -> 0 | H13: 2 | I13: 0 | J13: 0 | K13: =H13*D13 -> 78.64 | L13: =G13*I13 -> 0 | Y13: 1 | AC13: =SUM(M13,O13,Q13,S13,U13,W13,Y13,AA13) -> 1 | AD13: =SUM(N13,P13,R13,T13,V13,X13,Z13,AB13) -> 0 | AX13: =G13*J13 -> 0
A14: 6RY01078 | B14: 6RI02170 | C14: ENCHUFE TRIFASICO HASTA 9.000 W. DE 10 M DE LONGITUD CON CETAC DE 16 AMPERIOS MACHO Y HEMBRA EN LOS EXTREMOS (CUADRO NO INCLUIDO) | D14: 17.47 | E14: €/Ud. | G14: =ROUND(F14-(F14*0.2),2) -> 0 | H14: 2 | I14: 0 | J14: 0 | K14: =H14*D14 -> 34.94 | L14: =G14*I14 -> 0 | Y14: 1 | AC14: =SUM(M14,O14,Q14,S14,U14,W14,Y14,AA14) -> 1 | AD14: =SUM(N14,P14,R14,T14,V14,X14,Z14,AB14) -> 0 | AX14: =G14*J14 -> 0
A15: 6RY01039 | B15: 6RI02060 | C15: ENTRAMADO DE TECHO | D15: 15.4 | E15: €/Ml. | G15: =ROUND(F15-(F15*0.2),2) -> 0 | H15: 0 | I15: 0 | J15: 0 | K15: =H15*D15 -> 0 | L15: =G15*I15 -> 0 | M15: 73 | W15: 4 | Y15: 4 | AC15: =SUM(M15,O15,Q15,S15,U15,W15,Y15,AA15) -> 81 | AD15: =SUM(N15,P15,R15,T15,V15,X15,Z15,AB15) -> 0 | AX15: =G15*J15 -> 0
A16: 6RY01036 | B16: 6RI02021 | C16: ESPEJO EN PARED | D16: 101.43 | E16: €/Ud. | G16: =ROUND(F16-(F16*0.2),2) -> 0 | H16: 0 | I16: 0 | J16: 0 | K16: =H16*D16 -> 0 | L16: =G16*I16 -> 0 | AC16: =SUM(M16,O16,Q16,S16,U16,W16,Y16,AA16) -> 0 | AD16: =SUM(N16,P16,R16,T16,V16,X16,Z16,AB16) -> 0 | AX16: =G16*J16 -> 0
A17: 6RY01012 | B17: 6RI02012 | C17: ESTANTE EN PARED 100 X 30 HORIZONTAL | D17: 20.21 | E17: €/Ud. | G17: =ROUND(F17-(F17*0.2),2) -> 0 | H17: 30 | I17: 0 | J17: 0 | K17: =H17*D17 -> 606.3 | L17: =G17*I17 -> 0 | M17: 30 | W17: 2 | AC17: =SUM(M17,O17,Q17,S17,U17,W17,Y17,AA17) -> 32 | AD17: =SUM(N17,P17,R17,T17,V17,X17,Z17,AB17) -> 0 | AX17: =G17*J17 -> 0
A18: 6RY01063 | B18: 6RI02013 | C18: ESTANTE EN PARED 100 X 30 INCLINADO | D18: 20.21 | E18: €/Ud. | G18: =ROUND(F18-(F18*0.2),2) -> 0 | H18: 10 | I18: 0 | J18: 0 | K18: =H18*D18 -> 202.1 | L18: =G18*I18 -> 0 | W18: 4 | Y18: 3 | AC18: =SUM(M18,O18,Q18,S18,U18,W18,Y18,AA18) -> 7 | AD18: =SUM(N18,P18,R18,T18,V18,X18,Z18,AB18) -> 0 | AX18: =G18*J18 -> 0
A19: 6RY01011 | B19: 6RI02014 | C19: ESTANTE EN PARED 100 X 50 HORIZONTAL | D19: 20.21 | E19: €/Ud. | G19: =ROUND(F19-(F19*0.2),2) -> 0 | H19: 10 | I19: 0 | J19: 0 | K19: =H19*D19 -> 202.1 | L19: =G19*I19 -> 0 | AC19: =SUM(M19,O19,Q19,S19,U19,W19,Y19,AA19) -> 0 | AD19: =SUM(N19,P19,R19,T19,V19,X19,Z19,AB19) -> 0 | AX19: =G19*J19 -> 0
A20: 6RY01040 | B20: 6RI02037 | C20: ESTANTE EN PARED 100X30 HORIZONTAL (MADERA) | D20: 39.08 | E20: €/Ud. | G20: =ROUND(F20-(F20*0.2),2) -> 0 | H20: 0 | I20: 0 | J20: 0 | K20: =H20*D20 -> 0 | L20: =G20*I20 -> 0 | M20: 12 | O20: 1 | S20: 7 | U20: 16 | AC20: =SUM(M20,O20,Q20,S20,U20,W20,Y20,AA20) -> 36 | AD20: =SUM(N20,P20,R20,T20,V20,X20,Z20,AB20) -> 0 | AX20: =G20*J20 -> 0
A21: 6RY01041 | B21: 6RI02038 | C21: ESTANTE EN PARED 100X30 INCLINADO (MADERA) | D21: 39.08 | E21: €/Ud. | G21: =ROUND(F21-(F21*0.2),2) -> 0 | H21: 0 | I21: 0 | J21: 0 | K21: =H21*D21 -> 0 | L21: =G21*I21 -> 0 | S21: 3 | AC21: =SUM(M21,O21,Q21,S21,U21,W21,Y21,AA21) -> 3 | AD21: =SUM(N21,P21,R21,T21,V21,X21,Z21,AB21) -> 0 | AX21: =G21*J21 -> 0
A22: 6RY01042 | B22: 6RI02039 | C22: ESTANTE EN PARED 100X50 HORIZONTAL (MADERA) | D22: 39.08 | E22: €/Ud. | G22: =ROUND(F22-(F22*0.2),2) -> 0 | H22: 0 | I22: 0 | J22: 0 | K22: =H22*D22 -> 0 | L22: =G22*I22 -> 0 | M22: 19 | S22: 3 | AC22: =SUM(M22,O22,Q22,S22,U22,W22,Y22,AA22) -> 22 | AD22: =SUM(N22,P22,R22,T22,V22,X22,Z22,AB22) -> 0 | AX22: =G22*J22 -> 0
A23: 6RY01065 | B23: 6RI02158 | C23: FOCO LED CON BRAZO | D23: 69.37 | E23: €/Ud. | G23: =ROUND(F23-(F23*0.2),2) -> 0 | H23: 20 | I23: 0 | J23: 0 | K23: =H23*D23 -> 1387.4 | L23: =G23*I23 -> 0 | M23: 8 | U23: 7 | W23: 227 | AA23: 4 | AC23: =SUM(M23,O23,Q23,S23,U23,W23,Y23,AA23) -> 246 | AD23: =SUM(N23,P23,R23,T23,V23,X23,Z23,AB23) -> 0 | AX23: =G23*J23 -> 0
A24: 6RY01064 | B24: 6RI02157 | C24: FOCO LED EN CARRIL | D24: 60.32 | E24: €/Ud. | G24: =ROUND(F24-(F24*0.2),2) -> 0 | H24: 6 | I24: 0 | J24: 0 | K24: =H24*D24 -> 361.92 | L24: =G24*I24 -> 0 | M24: 25 | Q24: 5 | S24: 2 | U24: 11 | AA24: 2 | AC24: =SUM(M24,O24,Q24,S24,U24,W24,Y24,AA24) -> 45 | AD24: =SUM(N24,P24,R24,T24,V24,X24,Z24,AB24) -> 0 | AX24: =G24*J24 -> 0
A25: 6RY01079 | B25: 6RI02159 | C25: HORA TÉCNICO (MINIMO 1 h.) | D25: 45.78 | E25: €/h | G25: =ROUND(F25-(F25*0.2),2) -> 0 | H25: 0 | I25: 0 | J25: 0 | K25: =H25*D25 -> 0 | L25: =G25*I25 -> 0 | W25: 127 | AC25: =SUM(M25,O25,Q25,S25,U25,W25,Y25,AA25) -> 127 | AD25: =SUM(N25,P25,R25,T25,V25,X25,Z25,AB25) -> 0 | AX25: =G25*J25 -> 0
A26: 6RY01080 | B26: 6RI02113 | C26: LOGOTIPO | D26: 40.34 | E26: €/Ud. | G26: =ROUND(F26-(F26*0.2),2) -> 0 | H26: 0 | I26: 0 | J26: 0 | K26: =H26*D26 -> 0 | L26: =G26*I26 -> 0 | AC26: =SUM(M26,O26,Q26,S26,U26,W26,Y26,AA26) -> 0 | AD26: =SUM(N26,P26,R26,T26,V26,X26,Z26,AB26) -> 0 | AX26: =G26*J26 -> 0
A27: 6RY01005 | B27: 6RI02121 | C27: MOQUETA FERIAL SUELO (CON PLÁSTICO PROTECTOR) | D27: 6.87 | E27: €/m2 | G27: =ROUND(F27-(F27*0.2),2) -> 0 | H27: 0 | I27: 0 | J27: 0 | K27: =H27*D27 -> 0 | L27: =G27*I27 -> 0 | M27: 36 | N27: 50 | P27: 48 | S27: 328 | U27: 156 | AA27: 27 | AC27: =SUM(M27,O27,Q27,S27,U27,W27,Y27,AA27) -> 547 | AD27: =SUM(N27,P27,R27,T27,V27,X27,Z27,AB27) -> 98 | AX27: =G27*J27 -> 0
A28: 6RY01030 | B28: 6RI02041 | C28: MOSTRADOR 100 X 50 X 100 | D28: 47.11 | E28: €/Ud. | G28: =ROUND(F28-(F28*0.2),2) -> 0 | H28: 6 | I28: 0 | J28: 0 | K28: =H28*D28 -> 282.66 | L28: =G28*I28 -> 0 | S28: 2 | AC28: =SUM(M28,O28,Q28,S28,U28,W28,Y28,AA28) -> 2 | AD28: =SUM(N28,P28,R28,T28,V28,X28,Z28,AB28) -> 0 | AX28: =G28*J28 -> 0
A29: 6RY01045 | B29: 6RI02042 | C29: MOSTRADOR 100X50X100 (MADERA) | D29: 95.88 | E29: €/Ud. | G29: =ROUND(F29-(F29*0.2),2) -> 0 | H29: 2 | I29: 0 | J29: 2 | K29: =H29*D29 -> 191.76 | L29: =G29*I29 -> 0 | U29: 9 | W29: 1 | Y29: 6 | AC29: =SUM(M29,O29,Q29,S29,U29,W29,Y29,AA29) -> 16 | AD29: =SUM(N29,P29,R29,T29,V29,X29,Z29,AB29) -> 0 | AX29: =G29*J29 -> 0
A30: 6RY01029 | B30: 6RI02040 | C30: MOSTRADOR VITRINA | D30: 67.32 | E30: €/Ud. | G30: =ROUND(F30-(F30*0.2),2) -> 0 | H30: 2 | I30: 0 | J30: 0 | K30: =H30*D30 -> 134.64 | L30: =G30*I30 -> 0 | AC30: =SUM(M30,O30,Q30,S30,U30,W30,Y30,AA30) -> 0 | AD30: =SUM(N30,P30,R30,T30,V30,X30,Z30,AB30) -> 0 | AX30: =G30*J30 -> 0
A31: 6RY01046 | B31: 6RI02114 | C31: MURO AGLOMERADO (10-20 CM) PINTADO HASTA 1,22 M ALTURA | D31: 42.65 | E31: €/Ml. | G31: =ROUND(F31-(F31*0.2),2) -> 0 | H31: 0 | I31: 0 | J31: 10 | K31: =H31*D31 -> 0 | L31: =G31*I31 -> 0 | S31: 3 | U31: 3 | AC31: =SUM(M31,O31,Q31,S31,U31,W31,Y31,AA31) -> 6 | AD31: =SUM(N31,P31,R31,T31,V31,X31,Z31,AB31) -> 0 | AX31: =G31*J31 -> 0
A32: 6RY01047 | B32: 6RI02115 | C32: MURO AGLOMERADO (10-20 CM) PINTADO HASTA 2,44 M ALTURA | D32: 64 | E32: €/Ml. | G32: =ROUND(F32-(F32*0.2),2) -> 0 | H32: 0 | I32: 0 | J32: 0 | K32: =H32*D32 -> 0 | L32: =G32*I32 -> 0 | S32: 2 | W32: 53 | Y32: 143 | AC32: =SUM(M32,O32,Q32,S32,U32,W32,Y32,AA32) -> 198 | AD32: =SUM(N32,P32,R32,T32,V32,X32,Z32,AB32) -> 0 | AX32: =G32*J32 -> 0
A33: 6RY01048 | B33: 6RI02116 | C33: MURO AGLOMERADO (10-20 CM) PINTADO HASTA 3,00 M ALTURA | D33: 80 | E33: €/Ml. | G33: =ROUND(F33-(F33*0.2),2) -> 0 | H33: 0 | I33: 0 | J33: 0 | K33: =H33*D33 -> 0 | L33: =G33*I33 -> 0 | M33: 19 | N33: 7 | S33: 10 | U33: 21 | V33: 168 | AC33: =SUM(M33,O33,Q33,S33,U33,W33,Y33,AA33) -> 50 | AD33: =SUM(N33,P33,R33,T33,V33,X33,Z33,AB33) -> 175 | AX33: =G33*J33 -> 0
A34: 6RY01071 | B34: 6RI02117 | C34: MURO AGLOMERADO (10-20 CM) PINTADO HASTA 3,66 M ALTURA | D34: 106.64 | E34: €/Ml. | G34: =ROUND(F34-(F34*0.2),2) -> 0 | H34: 0 | I34: 0 | J34: 0 | K34: =H34*D34 -> 0 | L34: =G34*I34 -> 0 | AC34: =SUM(M34,O34,Q34,S34,U34,W34,Y34,AA34) -> 0 | AD34: =SUM(N34,P34,R34,T34,V34,X34,Z34,AB34) -> 0 | AX34: =G34*J34 -> 0
A35: 6RY01002 | B35: 6RI02007 | C35: PANEL ACRISTALADO 1ML. | D35: 74.02 | E35: €/Ml. | G35: =ROUND(F35-(F35*0.2),2) -> 0 | H35: 3 | I35: 0 | J35: 20 | K35: =H35*D35 -> 222.06 | L35: =G35*I35 -> 0 | AC35: =SUM(M35,O35,Q35,S35,U35,W35,Y35,AA35) -> 0 | AD35: =SUM(N35,P35,R35,T35,V35,X35,Z35,AB35) -> 0 | AX35: =G35*J35 -> 0
A36: 6RY01049 | B36: 6RI09001 | C36: PANEL AGLOMERADO PINTADO HASTA 1,22 M ALTURA | D36: 25.58 | E36: €/Ml. | G36: =ROUND(F36-(F36*0.2),2) -> 0 | H36: 0 | I36: 0 | J36: 0 | K36: =H36*D36 -> 0 | L36: =G36*I36 -> 0 | S36: 6 | AC36: =SUM(M36,O36,Q36,S36,U36,W36,Y36,AA36) -> 6 | AD36: =SUM(N36,P36,R36,T36,V36,X36,Z36,AB36) -> 0 | AX36: =G36*J36 -> 0
A37: 6RY01050 | B37: 6RI09002 | C37: PANEL AGLOMERADO PINTADO HASTA 2,44 M ALTURA | D37: 51.19 | E37: €/Ml. | G37: =ROUND(F37-(F37*0.2),2) -> 0 | H37: 0 | I37: 0 | J37: 0 | K37: =H37*D37 -> 0 | L37: =G37*I37 -> 0 | AC37: =SUM(M37,O37,Q37,S37,U37,W37,Y37,AA37) -> 0 | AD37: =SUM(N37,P37,R37,T37,V37,X37,Z37,AB37) -> 0 | AX37: =G37*J37 -> 0
A38: 6RY01051 | B38: 6RI09003 | C38: PANEL AGLOMERADO PINTADO HASTA 3,00 M ALTURA | D38: 60 | E38: €/Ml. | G38: =ROUND(F38-(F38*0.2),2) -> 0 | H38: 0 | I38: 0 | J38: 0 | K38: =H38*D38 -> 0 | L38: =G38*I38 -> 0 | M38: 63 | N38: 72 | P38: 8 | R38: 12 | S38: 22 | T38: 305 | U38: 33 | V38: 37 | AA38: 14 | AC38: =SUM(M38,O38,Q38,S38,U38,W38,Y38,AA38) -> 132 | AD38: =SUM(N38,P38,R38,T38,V38,X38,Z38,AB38) -> 434 | AX38: =G38*J38 -> 0
A39: 6RY01070 | B39: 6RI09004 | C39: PANEL AGLOMERADO PINTADO HASTA 3,66 M ALTURA | D39: 76.78 | E39: €/Ml. | G39: =ROUND(F39-(F39*0.2),2) -> 0 | H39: 0 | I39: 0 | J39: 0 | K39: =H39*D39 -> 0 | L39: =G39*I39 -> 0 | AC39: =SUM(M39,O39,Q39,S39,U39,W39,Y39,AA39) -> 0 | AD39: =SUM(N39,P39,R39,T39,V39,X39,Z39,AB39) -> 0 | AX39: =G39*J39 -> 0
A40: 6RY01001 | B40: 6RI02008 | C40: PANEL MELAMINADO 1ML | D40: 36.47 | E40: €/Ml. | G40: =ROUND(F40-(F40*0.2),2) -> 0 | H40: 50 | I40: 0 | J40: 150 | K40: =H40*D40 -> 1823.5 | L40: =G40*I40 -> 0 | M40: 2 | N40: 170 | V40: 19 | AC40: =SUM(M40,O40,Q40,S40,U40,W40,Y40,AA40) -> 2 | AD40: =SUM(N40,P40,R40,T40,V40,X40,Z40,AB40) -> 189 | AX40: =G40*J40 -> 0
A41: 6RY01052 | B41: 6RI02122 | C41: PANEL MELAMINADO DE DIFERENTE COLOR | D41: 186.62 | E41: €/Ml. | G41: =ROUND(F41-(F41*0.2),2) -> 0 | H41: 0 | I41: 0 | J41: 0 | K41: =H41*D41 -> 0 | L41: =G41*I41 -> 0 | AC41: =SUM(M41,O41,Q41,S41,U41,W41,Y41,AA41) -> 0 | AD41: =SUM(N41,P41,R41,T41,V41,X41,Z41,AB41) -> 0 | AX41: =G41*J41 -> 0
A42: 6RY01031 | B42: 6RI02022 | C42: PERCHERO EN PARED | D42: 23.04 | E42: €/Ud. | G42: =ROUND(F42-(F42*0.2),2) -> 0 | H42: 0 | I42: 0 | J42: 0 | K42: =H42*D42 -> 0 | L42: =G42*I42 -> 0 | AC42: =SUM(M42,O42,Q42,S42,U42,W42,Y42,AA42) -> 0 | AD42: =SUM(N42,P42,R42,T42,V42,X42,Z42,AB42) -> 0 | AX42: =G42*J42 -> 0
A43: 6RY01053 | B43: 6RI02064 | C43: PERCHERO MOVIL | D43: 34.56 | E43: €/Ud. | G43: =ROUND(F43-(F43*0.2),2) -> 0 | H43: 0 | I43: 0 | J43: 0 | K43: =H43*D43 -> 0 | L43: =G43*I43 -> 0 | W43: 2 | X43: 58 | AC43: =SUM(M43,O43,Q43,S43,U43,W43,Y43,AA43) -> 2 | AD43: =SUM(N43,P43,R43,T43,V43,X43,Z43,AB43) -> 58 | AX43: =G43*J43 -> 0
A44: 6RY01054 | B44: 6RI02023 | C44: PODIUM 50 X 50 X 100 | D44: 35.88 | E44: €/Ud. | G44: =ROUND(F44-(F44*0.2),2) -> 0 | H44: 0 | I44: 0 | J44: 20 | K44: =H44*D44 -> 0 | L44: =G44*I44 -> 0 | AC44: =SUM(M44,O44,Q44,S44,U44,W44,Y44,AA44) -> 0 | AD44: =SUM(N44,P44,R44,T44,V44,X44,Z44,AB44) -> 0 | AX44: =G44*J44 -> 0
A45: 6RY01055 | B45: 6RI02024 | C45: PODIUM 50 X 50 X 50 | D45: 32.06 | E45: €/Ud. | G45: =ROUND(F45-(F45*0.2),2) -> 0 | H45: 0 | I45: 0 | J45: 0 | K45: =H45*D45 -> 0 | L45: =G45*I45 -> 0 | W45: 7 | X45: 141 | AC45: =SUM(M45,O45,Q45,S45,U45,W45,Y45,AA45) -> 7 | AD45: =SUM(N45,P45,R45,T45,V45,X45,Z45,AB45) -> 141 | AX45: =G45*J45 -> 0
A46: 6RY01028 | B46: 6RI02025 | C46: PODIUM 50 X 50 X 75 | D46: 33.95 | E46: €/Ud. | G46: =ROUND(F46-(F46*0.2),2) -> 0 | H46: 0 | I46: 0 | J46: 0 | K46: =H46*D46 -> 0 | L46: =G46*I46 -> 0 | AC46: =SUM(M46,O46,Q46,S46,U46,W46,Y46,AA46) -> 0 | AD46: =SUM(N46,P46,R46,T46,V46,X46,Z46,AB46) -> 0 | AX46: =G46*J46 -> 0
A47: 6RY01056 | B47: 6RI02044 | C47: PODIUM 50X50X100 (MADERA) | D47: 67.11 | E47: €/Ud. | G47: =ROUND(F47-(F47*0.2),2) -> 0 | H47: 0 | I47: 0 | J47: 0 | K47: =H47*D47 -> 0 | L47: =G47*I47 -> 0 | S47: 1 | AC47: =SUM(M47,O47,Q47,S47,U47,W47,Y47,AA47) -> 1 | AD47: =SUM(N47,P47,R47,T47,V47,X47,Z47,AB47) -> 0 | AX47: =G47*J47 -> 0
A48: 6RY01057 | B48: 6RI02043 | C48: PODIUM 50X50X50 (MADERA) | D48: 57.54 | E48: €/Ud. | G48: =ROUND(F48-(F48*0.2),2) -> 0 | H48: 0 | I48: 0 | J48: 0 | K48: =H48*D48 -> 0 | L48: =G48*I48 -> 0 | S48: 5 | AC48: =SUM(M48,O48,Q48,S48,U48,W48,Y48,AA48) -> 5 | AD48: =SUM(N48,P48,R48,T48,V48,X48,Z48,AB48) -> 0 | AX48: =G48*J48 -> 0
A49: 6RY01058 | B49: 6RI02045 | C49: PODIUM 50X50X75 (MADERA) | D49: 61.43 | E49: €/Ud. | G49: =ROUND(F49-(F49*0.2),2) -> 0 | H49: 0 | I49: 0 | J49: 0 | K49: =H49*D49 -> 0 | L49: =G49*I49 -> 0 | R49: 1 | S49: 1 | AC49: =SUM(M49,O49,Q49,S49,U49,W49,Y49,AA49) -> 1 | AD49: =SUM(N49,P49,R49,T49,V49,X49,Z49,AB49) -> 1 | AX49: =G49*J49 -> 0
A50: 6RY01009 | B50: 6RI02026 | C50: PUERTA ACRISTALADA CON LLAVE | D50: 119.82 | E50: €/Ud. | G50: =ROUND(F50-(F50*0.2),2) -> 0 | H50: 0 | I50: 0 | J50: 0 | K50: =H50*D50 -> 0 | L50: =G50*I50 -> 0 | AC50: =SUM(M50,O50,Q50,S50,U50,W50,Y50,AA50) -> 0 | AD50: =SUM(N50,P50,R50,T50,V50,X50,Z50,AB50) -> 0 | AX50: =G50*J50 -> 0
A51: 6RY01010 | B51: 6RI02065 | C51: PUERTA CON LLAVE | D51: 100.9 | E51: €/Ud. | G51: =ROUND(F51-(F51*0.2),2) -> 0 | H51: 3 | I51: 0 | J51: 5 | K51: =H51*D51 -> 302.7 | L51: =G51*I51 -> 0 | M51: 1 | P51: 1 | U51: 1 | AC51: =SUM(M51,O51,Q51,S51,U51,W51,Y51,AA51) -> 2 | AD51: =SUM(N51,P51,R51,T51,V51,X51,Z51,AB51) -> 1 | AX51: =G51*J51 -> 0
A52: 6RY01059 | B52: 6RI02027 | C52: PUERTA CON LLAVE (MADERA) | D52: 153.9 | E52: €/Ud. | G52: =ROUND(F52-(F52*0.2),2) -> 0 | H52: 0 | I52: 0 | J52: 0 | K52: =H52*D52 -> 0 | L52: =G52*I52 -> 0 | S52: 2 | V52: 1 | AC52: =SUM(M52,O52,Q52,S52,U52,W52,Y52,AA52) -> 2 | AD52: =SUM(N52,P52,R52,T52,V52,X52,Z52,AB52) -> 1 | AX52: =G52*J52 -> 0
A53: 6RY01081 | B53: 6RI02066 | C53: PUERTA DOBLE CON LLAVE | D53: 126.2 | E53: €/Ud. | G53: =ROUND(F53-(F53*0.2),2) -> 0 | H53: 0 | I53: 0 | J53: 3 | K53: =H53*D53 -> 0 | L53: =G53*I53 -> 0 | AC53: =SUM(M53,O53,Q53,S53,U53,W53,Y53,AA53) -> 0 | AD53: =SUM(N53,P53,R53,T53,V53,X53,Z53,AB53) -> 0 | AX53: =G53*J53 -> 0
A54: 6RY01082 | B54: 6RI02028 | C54: PUERTA DOBLE CON LLAVE (MADERA) | D54: 192.36 | E54: €/Ud. | G54: =ROUND(F54-(F54*0.2),2) -> 0 | H54: 0 | I54: 0 | J54: 0 | K54: =H54*D54 -> 0 | L54: =G54*I54 -> 0 | W54: 1 | AC54: =SUM(M54,O54,Q54,S54,U54,W54,Y54,AA54) -> 1 | AD54: =SUM(N54,P54,R54,T54,V54,X54,Z54,AB54) -> 0 | AX54: =G54*J54 -> 0
B55: 6RI02058 | C55: PUERTA EMERGENCIA DOBLE | D55: 312.77 | E55: €/Ud. | G55: =ROUND(F55-(F55*0.2),2) -> 0 | H55: 0 | I55: 0 | J55: 0 | K55: =H55*D55 -> 0 | L55: =G55*I55 -> 0 | AC55: =SUM(M55,O55,Q55,S55,U55,W55,Y55,AA55) -> 0 | AD55: =SUM(N55,P55,R55,T55,V55,X55,Z55,AB55) -> 0 | AX55: =G55*J55 -> 0
A56: 6RY01006 | B56: 6RI02032 | C56: RÓTULO LETRA ADHESIVA ESTÁNDAR (MÁX. 20 LETRAS) | D56: 24.25 | E56: €/Ud. | G56: =ROUND(F56-(F56*0.2),2) -> 0 | H56: 0 | I56: 0 | J56: 0 | K56: =H56*D56 -> 0 | L56: =G56*I56 -> 0 | M56: 6 | S56: 2 | U56: 1 | AC56: =SUM(M56,O56,Q56,S56,U56,W56,Y56,AA56) -> 9 | AD56: =SUM(N56,P56,R56,T56,V56,X56,Z56,AB56) -> 0 | AX56: =G56*J56 -> 0
A57: 6RY01083 | B57: 6RI02062 | C57: TAPIZADO DE PAREDES | D57: 13.75 | E57: €/m2 | G57: =ROUND(F57-(F57*0.2),2) -> 0 | H57: 0 | I57: 0 | J57: 0 | K57: =H57*D57 -> 0 | L57: =G57*I57 -> 0 | W57: 1 | AC57: =SUM(M57,O57,Q57,S57,U57,W57,Y57,AA57) -> 1 | AD57: =SUM(N57,P57,R57,T57,V57,X57,Z57,AB57) -> 0 | AX57: =G57*J57 -> 0
A58: 6RY01003 | B58: 6RI02031 | C58: TARIMA MODULAR DE 10 CM. DE ALTURA ENMOQUETADA | D58: 18.94 | E58: €/m2 | G58: =ROUND(F58-(F58*0.2),2) -> 0 | H58: 0 | I58: 0 | J58: 0 | K58: =H58*D58 -> 0 | L58: =G58*I58 -> 0 | P58: 9 | U58: 48 | AC58: =SUM(M58,O58,Q58,S58,U58,W58,Y58,AA58) -> 48 | AD58: =SUM(N58,P58,R58,T58,V58,X58,Z58,AB58) -> 9 | AX58: =G58*J58 -> 0
A59: 6RY01004 | B59: 6RI02059 | C59: TARIMA MODULAR DE 10 CM. DE ALTURA MELAMINADA | D59: 38.46 | E59: €/m2 | G59: =ROUND(F59-(F59*0.2),2) -> 0 | H59: 0 | I59: 0 | J59: 0 | K59: =H59*D59 -> 0 | L59: =G59*I59 -> 0 | U59: 20 | AC59: =SUM(M59,O59,Q59,S59,U59,W59,Y59,AA59) -> 20 | AD59: =SUM(N59,P59,R59,T59,V59,X59,Z59,AB59) -> 0 | AX59: =G59*J59 -> 0
A60: 6RY01008 | B60: 6RI02047 | C60: TECHO RETICULADO CUBIERTO 1 X1 | D60: 15.44 | E60: €/m2 | G60: =ROUND(F60-(F60*0.2),2) -> 0 | H60: 0 | I60: 0 | J60: 0 | K60: =H60*D60 -> 0 | L60: =G60*I60 -> 0 | AC60: =SUM(M60,O60,Q60,S60,U60,W60,Y60,AA60) -> 0 | AD60: =SUM(N60,P60,R60,T60,V60,X60,Z60,AB60) -> 0 | AX60: =G60*J60 -> 0
A61: 6RY01007 | B61: 6RI02048 | C61: TECHO TELA | D61: 12.82 | E61: €/m2 | G61: =ROUND(F61-(F61*0.2),2) -> 0 | H61: 0 | I61: 0 | J61: 0 | K61: =H61*D61 -> 0 | L61: =G61*I61 -> 0 | M61: 24 | W61: 2 | AC61: =SUM(M61,O61,Q61,S61,U61,W61,Y61,AA61) -> 26 | AD61: =SUM(N61,P61,R61,T61,V61,X61,Z61,AB61) -> 0 | AX61: =G61*J61 -> 0
A62: 6RY01060 | B62: 6RI02063 | C62: VIGA SUPLEMENTARIA (MADERA) | D62: 8.88 | E62: €/ml. | G62: =ROUND(F62-(F62*0.2),2) -> 0 | H62: 0 | I62: 0 | J62: 0 | K62: =H62*D62 -> 0 | L62: =G62*I62 -> 0 | M62: 21 | AC62: =SUM(M62,O62,Q62,S62,U62,W62,Y62,AA62) -> 21 | AD62: =SUM(N62,P62,R62,T62,V62,X62,Z62,AB62) -> 0 | AX62: =G62*J62 -> 0
A63: 6RY01061 | B63: 6RI02033 | C63: VITRINA 100 X 100 CON LUZ (CONEXIÓN INCLUIDA) | D63: 215.4 | E63: €/Ud. | G63: =ROUND(F63-(F63*0.2),2) -> 0 | H63: 4 | I63: 0 | J63: 0 | K63: =H63*D63 -> 861.6 | L63: =G63*I63 -> 0 | AC63: =SUM(M63,O63,Q63,S63,U63,W63,Y63,AA63) -> 0 | AD63: =SUM(N63,P63,R63,T63,V63,X63,Z63,AB63) -> 0 | AX63: =G63*J63 -> 0
A64: 6RY01062 | B64: 6RI02034 | C64: VITRINA 100 X 50 CON LUZ (CONEXIÓN INCLUIDA) | D64: 175.03 | E64: €/Ud. | G64: =ROUND(F64-(F64*0.2),2) -> 0 | H64: 4 | I64: 0 | J64: 0 | K64: =H64*D64 -> 700.12 | L64: =G64*I64 -> 0 | AC64: =SUM(M64,O64,Q64,S64,U64,W64,Y64,AA64) -> 0 | AD64: =SUM(N64,P64,R64,T64,V64,X64,Z64,AB64) -> 0 | AX64: =G64*J64 -> 0
C65: MATERIALES COMPLEMENTARIOS PARA EXPOSITOR A MEDIDA Y BAJO PRESUPUESTO | D65: Esta partida es una estimación cuyo importe no está sometido a licitación | K65: 2000
C66: TOTALES COMPLEMENTOS EXPOSITOR+IFEMA | K66: =SUM(K3:K65) -> 9536.14 | L66: =SUM(,L3:L64) -> 0 | AX66: =SUM(AX3:AX65) -> 0
K67: (1) | L67: (2) | AX67: (3)
C68: (*) El ofertante deberá consignar el precio unitario ofertado para expositores en aquellos materiales cuya destino puede ser para expositores o para IFEMA. En caso del uso para IFEMA, el precio ofertado para expositores se aplicará un descuento de un 20 %
C70: El ofertante únicamente deberá cumplimentar las celdas de precios unitarios con fondo AZUL.

Sheet Otros Materiales Comp. IFEMA
A1: ANEXO IX - B
A2: OTROS MATERIALES COMPLEMENTARIOS IFEMA | H2: Subida
A3: ARTÍCULOS | B3: Precios unitarios máximos iva excluido | D3: PRECIO UNITARIO OFERTADO IVA EXCLUIDO | H3: 0.24 | BK3: EXP | BL3: IFEMA | BM3: EXP | BN3: IFEMA | BO3: EXP | BP3: IFEMA
A4: BANCO DE MADERA PINTADO (200X45X45cm) | B4: 76.29 | C4: Ud. | G4: 50 | H4: =G4*24% -> 12 | I4: =SUM(G4:H4) -> 62 | BO4: 4
A5: BARRA DE 110 CMS DE ALTO, 50 DE FONDO CON PATAS PARA ENCASTRADO DE CARGADOR | B5: 83.92 | C5: ML | G5: 55 | H5: =G5*24% -> 13.2 | I5: =SUM(G5:H5) -> 68.2
A6: BARRA DE BAR | B6: 167.84 | C6: Ml. | G6: 110 | H6: =G6*24% -> 26.4 | I6: =SUM(G6:H6) -> 136.4 | BO6: 170
A7: BARRA DE BAR DE 110 CMS DE ALTO CON TAPA SUPERIOR PINTADA EN ESMALTE, Y PIES CON UNA SEPARACION MINIMA DE 125 CMS SIN ENTREPAÑOS | B7: 106.81 | C7: ML | G7: 70 | H7: =G7*24% -> 16.8 | I7: =SUM(G7:H7) -> 86.8 | BP7: 36
A8: CAJA DE LUZ DE 100X100 INCLUIDA ILUMINACIÓN INTERIOR Y JUNQUILLOS (NO LONA BACKLIGHT) | B8: 99.18 | C8: Ud. | G8: 65 | H8: =G8*24% -> 15.6 | I8: =SUM(G8:H8) -> 80.6
A9: COLUMNA | B9: 45.77 | C9: Ud. | G9: 30 | H9: =G9*24% -> 7.2 | I9: =SUM(G9:H9) -> 37.2
A10: CONTRABARRA DE BAR DE 80 CMS DE ALTO Y 60 DE FONDO INCLUSO BALDAS INTERMEDIAS | B10: 83.92 | C10: ML | G10: 55 | H10: =G10*24% -> 13.2 | I10: =SUM(G10:H10) -> 68.2
A11: CURVO HASTA 1,22 DE ALTO | B11: 112.91 | C11: ML | G11: 74 | H11: =G11*24% -> 17.76 | I11: =SUM(G11:H11) -> 91.76
A12: CURVO HASTA 2,44 DE ALTO | B12: 190.73 | C12: ML | G12: 125 | H12: =G12*24% -> 30 | I12: =SUM(G12:H12) -> 155
A13: CURVO HASTA 3,00 DE ALTO | B13: 213.61 | C13: ML | G13: 140 | H13: =G13*24% -> 33.6 | I13: =SUM(G13:H13) -> 173.6
A14: CURVO HASTA 3,66 DE ALTO | B14: 259.39 | C14: ML | G14: 170 | H14: =G14*24% -> 40.8 | I14: =SUM(G14:H14) -> 210.8
A15: DINTEL | B15: 53.4 | C15: ML | G15: 35 | H15: =G15*24% -> 8.4 | I15: =SUM(G15:H15) -> 43.4 | BO15: 4
A16: ENCASTRADO PLACAS CARGADOR INCLUSO CORTE DE TABLERO | B16: 53.4 | C16: Ud. | G16: 35 | H16: =G16*24% -> 8.4 | I16: =SUM(G16:H16) -> 43.4
A17: ESTANTERIA PREMIUM ( INCLUIDOS 2 ESTANTES) | B17: 152.2 | C17: Ud. | G17: 99.75 | H17: =G17*24% -> 23.94 | I17: =SUM(G17:H17) -> 123.69
A18: FLUORESCENTE 40-60 W | B18: 29.37 | C18: Ud. | G18: 19.25 | H18: =G18*24% -> 4.62 | I18: =SUM(G18:H18) -> 23.87 | BO18: 2
A19: HALOGENUROS 150 W | B19: 61.66 | C19: Ud. | G19: 40.41 | H19: =G19*24% -> 9.6984 | I19: =SUM(G19:H19) -> 50.1084
A20: INSTALACION DE LONAS | B20: 6.1 | C20: M2 | G20: 4 | H20: =G20*24% -> 0.96 | I20: =SUM(G20:H20) -> 4.96
A21: JARDINERA DE 20 CMS DE ANCHO, 100 DE ALTO Y HUECO JARDINERA DE 20X20 | B21: 44.25 | C21: ML | G21: 29 | H21: =G21*24% -> 6.96 | I21: =SUM(G21:H21) -> 35.96
A22: JARDINERA DE 20 CMS DE ANCHO, HASTA 122 DE ALTO Y HUECO JARDINERA DE 20X20 | B22: 44.25 | C22: ML | G22: 29 | H22: =G22*24% -> 6.96 | I22: =SUM(G22:H22) -> 35.96
A23: JARDINERA DE 30 CMS DE ANCHO, HASTA 122 DE ALTO Y HUECO JARDINERA DE 20X20 | B23: 53.4 | C23: ML | G23: 35 | H23: =G23*24% -> 8.4 | I23: =SUM(G23:H23) -> 43.4
A24: LISTON DE MADERA DE PINO 5X5 | B24: 9.16 | C24: ML | G24: 6 | H24: =G24*24% -> 1.44 | I24: =SUM(G24:H24) -> 7.44
A25: LONETA BLANCA/NEGRA | B25: 12.21 | C25: M2 | G25: 8 | H25: =G25*24% -> 1.92 | I25: =SUM(G25:H25) -> 9.92
A26: LONETA COLOR A ELEGIR | B26: 12.21 | C26: M2 | G26: 8 | H26: =G26*24% -> 1.92 | I26: =SUM(G26:H26) -> 9.92
A27: MUEBLE REVISTERO CON ILUMINACION (SEGÚN DISEÑO) | B27: 251.76 | C27: ML | G27: 165 | H27: =G27*24% -> 39.6 | I27: =SUM(G27:H27) -> 204.6
A28: MURO ACRISTALADO HASTA 2,44M DE ALTURA | B28: 159.97 | C28: Ml. | G28: 104.84 | H28: =G28*24% -> 25.1616 | I28: =SUM(G28:H28) -> 130.0016
A29: MURO ACRISTALADO HASTA 3,00 DE ALTURA | B29: 198.36 | C29: ML | G29: 130 | H29: =G29*24% -> 31.2 | I29: =SUM(G29:H29) -> 161.2
A30: MURO ACRISTALADO HASTA 3,66 DE ALTURA | B30: 244.13 | C30: ML | G30: 160 | H30: =G30*24% -> 38.4 | I30: =SUM(G30:H30) -> 198.4
... A81: INTERRUPTOR GENARAL+CONECTOR+CERTIFICADO HASTA 80KW | B81: 243.34 | C81: Ud. | G81: 159.48 | H81: =G81*24% -> 38.2752 | I81: =SUM(G81:H81) -> 197.7552
A83: Firma del representante legal y fecha

Sheet TOTAL OFERTA
A1: ANEXO IX B
A2: TOTAL OFERTA
B5: ESTIMACIÓN M2 PRIVEL (a) | C5: ESTIMACIÓN M2 SAGRIS (a) | D5: PRESUPUESTO UNITARIO MAX (EUR / M2) IVA EXCLUIDO | E5: PARTIDAS | F5: PRECIOS UNITARIOS OFERTADO POR PARTIDAS €/M2 | G5: PRECIO UNITARIO TOTAL OFERTADO (sumatorio de precios unitarios por partidas) €/M2 OFERTADO IVA EXCLUIDO (b) | H5: TOTAL (a) x (b)
A6: Modular B | B6: 475 | C6: 1500 | D6: 34.24 | E6: ESTRUCTURA | G6: =F6+F7+F8+F9 -> 0 | H6: =G6*B6+C6*G6 -> 0
E7: INSTALACIÓN ELÉCTRICA
E8: ROTULACIÓN
E9: PAVIMENTACIÓN
A10: Modular C | B10: 1300 | C10: 0 | D10: 41.73 | E10: ESTRUCTURA | G10: =F10+F11+F12+F13 -> 0 | H10: =G10*B10+C10*G10 -> 0
E11: INSTALACIÓN ELÉCTRICA
E12: ROTULACIÓN
E13: PAVIMENTACIÓN
A14: Modular F | B14: 36 | C14: 50 | D14: 26.65 | E14: ESTRUCTURA | G14: =F14+F15+F16+F17 -> 0 | H14: =G14*B14+C14*G14 -> 0
E15: INSTALACIÓN ELÉCTRICA
E16: ROTULACIÓN
E17: PAVIMENTACIÓN
F18: ='Materiales Complem Privel'!L66 -> 0
A19: MATERIALES COMPLEMENTARIOS PARA EXPOSITORES PRIVEL | B19: (indicar total -1- de la hoja materiales complementarios EXPOSITOR) | H19: ='Materiales Complem Privel'!K66 -> 7079.99
A20: MATERIALES COMPLEMENTARIOS PARA NECESIDADES PROPIAS DE IFEMA PRIVEL | B20: (indicar total -2- de la hoja materiales complementarios IFEMA) | H20: ='Materiales Complem Privel'!L66 -> 0
A21: MATERIALES COMPLEMENTARIOS PARA DISEÑO FERIAL PRIVEL | B21: (indicar total -3- de la hoja materiales complementarios IFEMA) | H21: ='Materiales Complem Privel'!AX66 -> 0
A22: MATERIALES COMPLEMENTARIOS PARA EXPOSITORES SAGRIS | B22: (indicar total -1- de la hoja materiales complementarios EXPOSITOR) | H22: ='Materiales Complem Sagris'!K66 -> 9536.14
A23: MATERIALES COMPLEMENTARIOS PARA NECESIDADES PROPIAS DE IFEMA SAGRIS | B23: (indicar total -2- de la hoja materiales complementarios IFEMA) | H23: ='Materiales Complem Sagris'!L66 -> 0
A24: MATERIALES COMPLEMENTARIOS PARA DISEÑO FERIAL SAGRIS | B24: (indicar total -3- de la hoja materiales complementarios IFEMA) | H24: ='Materiales Complem Sagris'!AX66 -> 0
B26: TOTAL OFERTADO (IVA EXCLUIDO) (indicar esta cantidad en el modelo -IX- A de oferta económica) | H26: =H6+H10+H14+H19+H20+H22+H24+H21+H23 -> 16616.13
A28: Al cumplimentar en la hoja excel, sólo deberá rellenar las celdas en color azul
G31: Firma del representante legal y fecha
